AoeStats
← Redmidlum

Hill Fort

504761511Analyzed
2v2 RM · 26d ago on Sep 6, 2026· 44m 15s· 4 players
Game mode
Random Map
Map size
Medium (4 player)
Population
200
Speed
Normal
Resources
Standard
Victory
Conquest
Starting age
Dark Age
Ending age
Imperial Age
RankedLock teamsTeams togetherTeam positionsShared explorationLock speedFull tech treeHidden civsTurbo modeCheats
Victory
Defeat
🇨🇳 Spanish · China
850
+14
🇨🇳 Persians · China
849
+14
🇬🇧 Khmer · United Kingdom
815
-14
🇸🇰 Bulgarians · Slovakia
815
-14
786542430
11:22 Feudal Age
12:06 Double-Bit Axe
18:57 Castle Age
18:04 Loom
18:24 Gold Mining
18:30 Stone Mining
20:17 Bow Saw
19:52 Horse Collar
20:33 Heavy Plow
20:36 Padded Archer Armor
22:05 Wheelbarrow
22:43 Leather Archer Armor
24:54 Fervor
27:47 Hand Cart
29:56 Town Watch
33:33 Imperial Age
31:50 Devotion
32:02 Town Patrol
31:57 Fletching
33:34 Stone Shaft Mining
34:10 Ballistics
33:46 Murder Holes
34:35 Conscription
33:38 Elite Conquistador
36:01 Chemistry
38:22 Masonry
38:19 Husbandry
38:30 Bloodlines
40:05 Supremacy
43:31 Redemption
44:43 Guilds
2568730366
9:01 Feudal Age
9:15 Horse Collar
16:29 Double-Bit Axe
20:33 Castle Age
19:45 Gold Mining
19:53 Stone Mining
21:25 Bow Saw
21:50 Scale Barding Armor
22:35 Wheelbarrow
23:13 Bloodlines
24:15 Forging
25:41 Hand Cart
27:54 Gold Shaft Mining
28:21 Husbandry
33:34 Imperial Age
31:55 Kamandaran
31:53 Crossbowman
32:32 Fletching
33:17 Bodkin Arrow
33:31 Heavy Plow
35:00 Iron Casting
35:17 Iron Casting
35:53 Thumb Ring
42:44 Padded Archer Armor
MYTH_0503
10:31 Feudal Age
15:45 Castle Age
14:35 Stone Mining
14:37 Gold Mining
14:39 Double-Bit Axe
17:34 Wheelbarrow
19:38 Bow Saw
19:51 Horse Collar
22:00 Loom
22:58 Hand Cart
23:26 Gold Shaft Mining
22:54 Heavy Plow
30:55 Forging
30:50 Scale Barding Armor
30:56 Town Watch
31:49 Tusk Swords
35:31 Chain Barding Armor
35:46 Iron Casting
35:14 Fletching
35:24 Padded Archer Armor
39:03 Iron Casting
38:40 Light Cavalry
39:30 Bloodlines
Redmidlum
8:46 Feudal Age
15:46 Castle Age
21:44 Loom
21:54 Fletching
23:36 Gold Mining
27:31 Forging
27:52 Scale Barding Armor
29:43 Iron Casting
29:24 Scale Mail Armor
29:41 Horse Collar
30:47 Chain Barding Armor
31:33 Chain Mail Armor
32:43 Stone Mining
33:31 Wheelbarrow
33:06 Town Watch
45:27 Imperial Age
Connection lost

Rejoining the realm…

Still unreachable

The connection could not be restored.

Session expired

The server has moved on; the page needs a fresh start.